 Dungeon Crawl Stone Soup version 0.26-a0-1139-g7d2dc893a1 (webtiles) character file.

Game seed: 1562232673713694286

110201 sahdkjhfkaj the Brawler (level 16, -21/159 HPs)
             Began as a Troll Berserker on Dec 21, 2020.
             Was the Champion of Trog.
             Demolished by a bunyip (57 damage)
             ... on level 2 of the Swamp.
             The game lasted 00:31:30 (21045 turns).

sahdkjhfkaj the Brawler (Troll Berserker)          Turns: 21045, Time: 00:31:31

Health: -21/159    AC:  9    Str: 32    XL:     16   Next: 6%
Magic:  15/15      EV: 17    Int:  6    God:    Trog [******]
Gold:   3216       SH: 33    Dex: 20    Spells: 15/15 levels left

rFire    + + +     SeeInvis .     - Unarmed
rCold    . . .     Faith    .   q - +5 tower shield "Doecumim" {Rampage}
rNeg     . . .     Spirit   .   F - +1 robe of Freezing Happiness {rF++ Str+3 Int+3}
rPois    .         Reflect  +   v - +2 hat
rElec    .         Harm     +   n - scarf {harm}
rCorr    .         Rampage  +   (gloves unavailable)
Will     ++++.                  (boots unavailable)
Stlth    ++........             a - amulet of reflection
HPRegen  1.76/turn              y - ring of Moirauxkisit {rF++ Will+}
MPRegen  0.14/turn              l - +6 ring of dexterity

@: lethally poisoned (-21 -> -34), regenerating (expiring)
A: large, unfitting armour, claws 3, regeneration 1, shaggy fur 1, tough skin 3
a: Renounce Religion, Berserk, Trog's Hand, Brothers in Arms


You were on level 2 of the Swamp.
You worshipped Trog.
Trog was exalted by your worship.
You visited 4 branches of the dungeon, and saw 25 of its levels.
You also visited: Ossuary and Gauntlet.

You collected 3252 gold pieces.
You spent 36 gold pieces at shops.

Inventory:

Missiles
 c - 12 curare-tipped darts
 o - 3 throwing nets {!f}
 C - 10 silver javelins
Armour
 n - a scarf of harm (worn)
 q - the +5 tower shield "Doecumim" (worn) {Rampage}
   (You found it on level 7 of the Dungeon)

   It bestows one free step when moving towards enemies.
 v - a +2 hat (worn)
 F - the +1 robe of Freezing Happiness (worn) {rF++ Str+3 Int+3}
   (You found it in a Gauntlet)

   It affects your strength (+3).
   It affects your intelligence (+3).
   It greatly protects you from fire.
Jewellery
 a - an amulet of reflection (around neck)
 k - an uncursed ring of see invisible
 l - a +6 ring of dexterity (right claw)
 p - an uncursed ring of positive energy
 u - an uncursed ring of protection from cold
 y - the ring of Moirauxkisit (left claw) {rF++ Will+}
   (You found it on level 1 of the Lair of Beasts)

   [ring of willpower]

   It greatly protects you from fire.
   It affects your willpower, your defense against some magical effects.
 K - an uncursed ring of willpower
Wands
 r - a wand of paralysis (10)
 x - a wand of enslavement (8)
 z - a wand of acid (12)
 D - a wand of iceblast (42)
 G - a wand of polymorph (13)
 I - a wand of flame (18)
 J - a wand of disintegration (21)
 M - a wand of digging (4)
Scrolls
 s - 12 scrolls of remove curse
 B - 2 scrolls of identify
Potions
 b - 13 potions of curing
 d - 2 potions of berserk rage
 e - 5 potions of haste
 f - 3 potions of ambrosia
 g - 3 potions of invisibility
 h - 2 potions of flight
 i - 3 potions of attraction
 j - 2 potions of cancellation
 m - 2 potions of magic
 t - 2 potions of might
 w - 3 potions of heal wounds
 A - a potion of resistance
 E - a potion of mutation
 L - 2 potions of lignification
Miscellaneous
 H - a lightning rod (4/4)


   Skills:
 - Level 10.5 Fighting
 + Level 5.0 Throwing
 - Level 10.0 Dodging
 - Level 15.0 Shields
 - Level 15.0 Unarmed Combat


You had 15 spell levels left.
You didn't know any spells.
Your spell library was empty.

Dungeon Overview and Level Annotations

Branches:
Dungeon (15/15)              Lair (6/6) D:11          Swamp (2/4) Lair:4
  Snake (0/4) Lair:3        Slime (0/5) Lair:6          Orc (2/2) D:12
    Elf (0/3) Orc:2        Vaults (0/5) D:14         Depths (0/5) D:15
Ossuary (visited)         Gauntlet (visited)
 Temple: D:4-7

Altars:
Makhleb
Nemelex Xobeh
Xom
The Shining One
Beogh
Jiyva

Shops:
D:4 *   D:8 ?   D:13 =*=(:   Orc:2 [((?

Portals:
Trove: D:14 (give 12 potions of heal wounds)

Annotations:
D:7 1 runed translucent door, Crazy Yiuf
Lair:3 exclusion: oklob plant


Innate Abilities, Weirdness & Mutations

You are too large for most types of armour.
You have claws for hands.
Your natural rate of healing is unusually fast.
You are covered in fur. (AC +1)
You have extremely tough skin. (AC +3)


Message History

The stone arrow hits the spriggan druid!!
With its final breath, the spriggan druid offers up its power to the beasts of the wild!
The alligator is healed.
The spectral swamp dragon seems to grow more fierce.
The spectral bunyip seems to grow more fierce.
The bunyip seems to grow more fierce.
The spectral alligator seems to grow more fierce.
The alligator seems to grow more fierce.
You kill the spriggan druid!
Trog accepts your kill.
Trog appreciates your killing of a magic user.
The forest abruptly stops moving.
You block the spriggan's attack.
Your cyclops hits the bunyip!
The spriggan druid is engulfed in spectral mist.
The spriggan druid hits you with a +0 quarterstaff!!
* * * LOW HITPOINT WARNING * * *
The bunyip is engulfed in spectral mist.
The bunyip barely misses you. The bunyip closely misses you.
The bunyip claws you!!!
You die...

♣♣♣ ♣♣♣ ♣♣♣♣
♣♣♣.♣♣♣.♣♣♣..≈♣♣
♣♣.≈≈.♣≈.....≈...
♣..≈≈♣♣..≈.○.≈≈≈.
♣..T♣ti≈.[Z.§§..≈
♣♣≈≈≈iZZ§.≈.○○§...
♣♣♣♣≈...@i☼tZ..Z☼☼...
♣♣≈♣.♣....x☼§..≈≈....≈
♣♣......≈.§C.§.≈.....≈.
♣.≈.♣≈.≈.≈..≈..≈...≈.≈§
♣♣≈≈≈≈≈≈≈.≈..♣.≈....≈≈≈
♣♣≈≈...≈.♣..♣♣≈♣.....t
♣♣.≈..♣♣♣♣.♣. ....
♣♣♣...§.♣ ♣.♣≈ ♣♣
♣♣♣♣♣♣≈♣...♣≈♣


You could see a bunyip (strong), an alligator (strong, swift), a spriggan rider,
a ghost crab, a spriggan druid, a spectral alligator (summoned, strong), a
spectral swamp dragon (summoned, strong), a spectral spriggan druid (summoned),
a spectral spriggan rider (summoned), a spectral bunyip (summoned, strong), a
spriggan, a friendly deep troll (summoned, berserk) and a friendly cyclops
(summoned, berserk).

Vanquished Creatures
  Frances (D:13)
  Kirke (Lair:5)
  A stone giant (Orc:2)
  A minotaur (Gauntlet)
  The ghost of sahdkjhfkaj the Brawler, a journeyman TrBe of Trog (Lair:3)
  A bunyip (Swamp:2)
  2 eleionomae (Swamp:2)
  An ettin (Orc:1)
  Josephine (D:13)
  2 fire dragons
  Harold (D:9)
  2 boulder beetles (Lair:6)
  6 hydras
  A catoblepas (D:15)
  2 alligators (Swamp:2)
  7 two-headed ogres
  A death knight (D:14)
  5 centaur warriors
  5 death yaks
  A vampire mage (D:15)
  A spriggan berserker (Swamp:2)
  2 death scarabs (Gauntlet)
  Sonja (D:13)
  A deep elf knight (Swamp:2)
  2 goliath frogs
  3 skeletal warriors
  7 spriggan druids
  An unseen horror (D:13)
  4 swamp dragons
  A bog body (Lair:4)
  An obsidian statue (Gauntlet)
  A necromancer (D:15)
  6 orc knights
  A spectral boulder beetle (Gauntlet)
  A stone giant zombie (D:15)
  4 cyclopes
  2 ugly things
  A fire giant zombie (D:15)
  2 will-o-the-wisps
  2 deep elf magi
  4 manticores
  3 elephants (Lair:6)
  Maurice (D:13)
  4 black mambas
  9 cane toads
  A gargoyle (D:14)
  A minotaur zombie (Gauntlet)
  A freezing wraith (D:14)
  A redback zombie (D:13)
  A yaktaur (D:15)
  7 rime drakes
  A guardian mummy (D:15)
  8 komodo dragons
  An efreet (D:14)
  5 trolls
  7 hornets
  10 polar bears
  7 tyrant leeches
  4 slime creatures (D:12)
  3 raiju (Lair:6)
  A deep troll zombie (D:15)
  8 blink frogs
  2 vampires
  6 wraiths
  Sigmund (D:5)
  An ice dragon skeleton (D:15)
  4 wyverns
  7 spriggans
  2 shadows (D:15)
  59 yaks
  3 fire bats (Lair:6)
  A hog (Lair:5)
  5 basilisks
  A fire bat (shapeshifter) (D:15)
  A steam dragon (Lair:6)
  4 swamp worms
  7 vampire mosquitoes
  6 wargs
  3 acid dragons
  14 hell hounds (Lair:6)
  A spectral torpor snail (Gauntlet)
  16 water moccasins
  2 swamp drakes
  13 black bears
  5 ice beasts
  35 orc warriors
  4 sky beasts
  A necrophage (D:7)
  25 wolves
  8 ogres
  20 centaurs
  A big kobold (D:11)
  A gnoll sergeant (D:8)
  A wyvern zombie (D:13)
  12 bullfrogs
  4 water moccasin zombies (Ossuary)
  A wyvern skeleton (D:6)
  4 scorpions
  A water moccasin skeleton (D:8)
  21 wights
  6 killer bees (D:10)
  An electric eel (Lair:6)
  3 centaur zombies
  9 orc priests
  6 jellies
  14 orc wizards
  A gnoll shaman (Orc:1)
  6 hounds
  A bullfrog skeleton (D:7)
  4 centaur skeletons
  7 iguanas
  11 worker ants
  2 big kobold zombies (Ossuary)
  A hound skeleton (D:4)
  4 mummies
  Robin (D:4)
  A worker ant zombie (D:5)
  10 gnolls
  11 adders
  A shadow imp (D:5)
  2 white imps
  3 oozes (Lair:6)
  An ufetubus (D:10)
  7 adder zombies
  A worm (D:3)
  2 adder skeletons
  A dart slug (D:5)
  3 leopard geckos
  62 orcs
  5 ball pythons
  9 bats
  2 giant cockroaches
  2 gnoll zombies (Ossuary)
  13 goblins
  4 hobgoblins
  3 quokkas
  A frilled lizard (D:1)
  9 hobgoblin zombies
  9 kobolds
  10 kobold zombies
  A leopard gecko skeleton (D:2)
  5 orc zombies
  A quokka zombie (D:5)
  4 rats
738 creatures vanquished.

Vanquished Creatures (collateral kills)
  2 hydras
  Nergalle (Lair:1)
  4 oklob plants (Lair:1)
  A cyclops (D:11)
  A cane toad (Lair:1)
  2 komodo dragons (Lair:1)
  A troll (D:12)
  A soldier ant (D:12)
  An orc warrior (D:9)
  A bullfrog (D:9)
  A scorpion (D:9)
  A howler monkey (D:9)
  An orc wizard (D:11)
  A worker ant (D:9)
  A howler monkey zombie (D:11)
  4 orcs
  A plant (Lair:1)
25 creatures vanquished.

Vanquished Creatures (others)
  A bloated husk (Swamp:1)
  A human (Lair:5)
  A wolf (Lair:5)
  12 foxfires
  13 fungi
  44 plants
  A withered plant (D:15)
73 creatures vanquished.

Grand Total: 836 creatures vanquished

Notes
Turn   | Place    | Note
-------+----------+-------------------------------------------
     0 | D:1      | sahdkjhfkaj the Troll Berserker began the quest for the
                  | Orb.
     0 | D:1      | Reached XP level 1. HP: 22/22 MP: 0/0
   162 | D:1      | Reached XP level 2. HP: 29/29 MP: 1/1
   276 | D:2      | Reached XP level 3. HP: 29/37 MP: 2/2
   491 | D:2      | Reached XP level 4. HP: 48/48 MP: 3/3
   656 | D:4      | Reached ** piety under Trog
   820 | D:4      | Found Etetryissim's Assorted Antiques.
   906 | D:4      | Reached XP level 5. HP: 55/55 MP: 4/4
   945 | D:4      | Noticed Robin
   987 | D:4      | Killed Robin
  1107 | D:5      | Entered Level 5 of the Dungeon
  1107 | D:5      | Noticed an ogre
  1113 | D:5      | Killed an ogre
  1114 | D:5      | Reached skill level 5 in Fighting
  1185 | D:5      | Reached XP level 6. HP: 61/67 MP: 5/5
  1605 | D:5      | Noticed Sigmund
  1611 | D:5      | Killed Sigmund
  1612 | D:5      | Reached XP level 7. HP: 76/76 MP: 6/6
  1825 | D:5      | Reached *** piety under Trog
  1947 | D:6      | Reached XP level 8. HP: 76/88 MP: 7/7
  2450 | D:7      | HP: 2/90 [orc warrior/+0 war axe (13)]
  2817 | D:7      | Reached skill level 10 in Fighting
  2961 | D:7      | Found a runed translucent door.
  2962 | D:7      | Noticed Crazy Yiuf
  3143 | D:7      | Got a brightly glowing tower shield
  3148 | D:7      | Identified the +5 tower shield "Doecumim" {Rampage} (You
                  | found it on level 7 of the Dungeon)
  3520 | D:8      | Reached skill level 1 in Shields
  3520 | D:8      | Reached XP level 9. HP: 83/101 MP: 8/8
  3554 | D:8      | Noticed a two-headed ogre
  3582 | D:8      | Killed a two-headed ogre
  3827 | D:8      | Reached **** piety under Trog
  3993 | D:8      | Found a sand-covered staircase.
  4047 | Ossuary  | Entered an ossuary
  4320 | D:8      | Found Keom's Magic Scroll Shop.
  4327 | D:8      | Bought a scroll of remove curse for 36 gold pieces
  4776 | D:9      | Reached skill level 5 in Unarmed Combat
  4873 | D:9      | Noticed Harold
  4894 | D:9      | Killed Harold
  4895 | D:9      | Reached skill level 5 in Shields
  4895 | D:9      | Reached XP level 10. HP: 110/111 MP: 9/9
  4903 | D:9      | Reached ***** piety under Trog
  5339 | D:10     | Entered Level 10 of the Dungeon
  5357 | D:10     | Noticed a two-headed ogre
  5363 | D:10     | Killed a two-headed ogre
  5882 | D:10     | Reached XP level 11. HP: 105/119 MP: 10/10
  6026 | D:11     | Found a sparkling altar of Nemelex Xobeh.
  6075 | D:11     | Noticed a cyan ugly thing
  6086 | D:11     | Killed a cyan ugly thing
  6380 | D:11     | Found a staircase to the Lair.
  6581 | Lair:1   | Entered Level 1 of the Lair of Beasts
  7317 | Lair:1   | Noticed an oklob plant
  7320 | Lair:1   | Noticed a six-headed hydra
  7323 | Lair:1   | Noticed Nergalle
  7343 | Lair:1   | Reached skill level 10 in Unarmed Combat
  7346 | Lair:1   | Killed Nergalle
  7349 | Lair:1   | Killed a six-headed hydra
  7849 | Lair:1   | Noticed an oklob plant
  7853 | Lair:1   | Noticed an oklob plant
  7853 | Lair:1   | Noticed an oklob plant
  7862 | Lair:1   | Killed an oklob plant
  7880 | Lair:1   | Killed an oklob plant
  7881 | Lair:1   | Killed an oklob plant
  7884 | Lair:1   | Killed an oklob plant
  8023 | Lair:1   | Got a brightly glowing granite ring
  8047 | Lair:1   | Identified the ring of Moirauxkisit {rF++ Will+} (You found
                  | it on level 1 of the Lair of Beasts)
  8208 | Lair:2   | Reached XP level 12. HP: 127/127 MP: 11/11
  8705 | Lair:2   | Reached skill level 10 in Shields
  8853 | Lair:3   | Found a glowing golden altar of the Shining One.
  8853 | Lair:3   | Found a gate leading to a gauntlet.
  8859 | Gauntlet | Entered a Gauntlet
  8859 | Gauntlet | Found a transporter.
  8859 | Gauntlet | Found a transporter.
  8907 | Gauntlet | Found a transporter.
  8924 | Gauntlet | Found a transporter.
  8924 | Gauntlet | Found a transporter.
  8924 | Gauntlet | Found a transporter.
  8924 | Gauntlet | Noticed a death scarab
  8924 | Gauntlet | Noticed a death scarab
  8926 | Gauntlet | Found a transporter.
  8926 | Gauntlet | Found a transporter.
  8937 | Gauntlet | Found a transporter.
  8945 | Gauntlet | Noticed an entropy weaver
  8948 | Gauntlet | an entropy weaver changed into a tyrant leech
  8953 | Gauntlet | Found a transporter.
  8958 | Gauntlet | Noticed an alligator
  8958 | Gauntlet | a tyrant leech changed into an alligator
  8963 | Gauntlet | Found a transporter.
  8980 | Gauntlet | Found a transporter.
  9000 | Gauntlet | Found a transporter.
  9002 | Gauntlet | Found a runed translucent door.
  9007 | Gauntlet | Found a runed translucent door.
  9011 | Gauntlet | Found a transporter.
  9153 | Gauntlet | Received a gift from Trog
  9155 | Gauntlet | Killed a death scarab
  9162 | Gauntlet | Killed a death scarab
  9204 | Gauntlet | Got a creamy pearl robe
  9214 | Gauntlet | Identified the cursed +1 robe of Freezing Happiness {rF++
                  | Str+3 Int+3} (You found it in a Gauntlet)
  9277 | Gauntlet | Noticed a minotaur
  9311 | Gauntlet | Killed a minotaur
  9525 | Lair:3   | Found a shimmering altar of Xom.
  9914 | Lair:3   | Found a runed translucent door.
  9914 | Lair:3   | Noticed a death yak
  9914 | Lair:3   | Noticed sahdkjhfkaj's ghost (journeyman TrBe)
  9934 | Lair:3   | Killed sahdkjhfkaj's ghost
  9939 | Lair:3   | Killed a death yak
 10045 | Lair:3   | Found a staircase to the Snake Pit.
 10505 | Lair:4   | Reached XP level 13. HP: 133/135 MP: 12/12
 10610 | Lair:4   | Found a staircase to the Swamp.
 11445 | Lair:5   | Noticed Kirke
 11456 | Lair:5   | Killed Kirke
 11574 | Lair:5   | Found a burning altar of Makhleb.
 12183 | Lair:6   | Entered Level 6 of the Lair of Beasts
 12321 | Lair:6   | Received a gift from Trog
 12767 | Lair:6   | Found a runed translucent door.
 12768 | Lair:6   | Found a viscous altar of Jiyva.
 13104 | Lair:6   | Reached XP level 14. HP: 144/144 MP: 13/13
 13336 | Lair:6   | Reached ****** piety under Trog
 13375 | Lair:6   | Reached skill level 15 in Unarmed Combat
 13700 | Lair:6   | Found a staircase to the Slime Pits.
 14028 | D:11     | Found a glowing golden altar of the Shining One.
 14249 | D:12     | Received a gift from Trog
 14496 | D:12     | Identified the cursed +1 hand crossbow of Epeus {vorpal,
                  | +Blink +Fly rC- Dex+7}
 14532 | D:12     | Got a faintly glowing brass ring
 14616 | D:12     | Found a staircase to the Orcish Mines.
 14745 | Orc:1    | Entered Level 1 of the Orcish Mines
 15645 | Orc:2    | Entered Level 2 of the Orcish Mines
 15927 | Orc:2    | Received a gift from Trog
 16405 | Orc:2    | Found Zagaowne's Weapon Boutique.
 16405 | Orc:2    | Found Ercheshe's Weapon Emporium.
 16407 | Orc:2    | Found Pit Doph's Magic Scroll Shoppe.
 16409 | Orc:2    | Found Listrahe's Antique Armour Shop.
 16634 | Orc:2    | Found a staircase to the Elven Halls.
 16655 | Orc:2    | Found a roughly hewn altar of Beogh.
 16660 | Orc:2    | Noticed a stone giant
 16667 | Orc:2    | Killed a stone giant
 16941 | D:13     | Found Daigg's General Store.
 16975 | D:13     | Noticed Sonja
 16976 | D:13     | Killed Sonja
 17019 | D:13     | Found Depnyrho's Jewellery Shoppe.
 17029 | D:13     | Found Yxic Vadadgh's Antique Weapon Emporium.
 17066 | D:13     | Noticed Josephine
 17076 | D:13     | Killed Josephine
 17077 | D:13     | Reached skill level 15 in Shields
 17131 | D:13     | Found Itoisovu's Book Emporium.
 17146 | D:13     | Noticed Maurice
 17154 | D:13     | Killed Maurice
 17169 | D:13     | Identified the ring "Asudwese" {EV+4 Int+2} (You found it
                  | on level 12 of the Dungeon)
 17233 | D:13     | Noticed Frances
 17248 | D:13     | Killed Frances
 17249 | D:13     | Reached XP level 15. HP: 89/152 MP: 14/14
 17250 | D:13     | Received a gift from Trog
 17391 | D:13     | Found Kebar's Jewellery Boutique.
 17501 | D:14     | Reached skill level 5 in Dodging
 17907 | D:14     | Found a gate to the Vaults.
 18020 | D:14     | Found a portal to a secret trove of treasure.
 18317 | D:15     | Entered Level 15 of the Dungeon
 18340 | D:15     | Found a staircase to the Depths.
 18636 | D:15     | Received a gift from Trog
 19236 | Swamp:1  | Entered Level 1 of the Swamp
 20445 | Swamp:2  | Reached skill level 10 in Dodging
 20505 | Swamp:2  | Reached skill level 1 in Throwing
 20799 | Swamp:2  | Reached XP level 16. HP: 66/159 MP: 15/15
 21038 | Swamp:2  | Reached skill level 5 in Throwing
 21045 | Swamp:2  | Demolished by a bunyip

Illustrated notes

Levels and vault maps discovered:
D:1:      dpeg_arrival_signposts, layout_basic, palyth_stone_intersect
D:2:      cheibrodos_old_hovel, layout_loops_ring, marbit_many_paths,
          xom_teletrap_fun
D:3:      layout_basic
D:4:      layout_basic, serial_shops, shop, minmay_a_box_with_orc_wizards_in_it,
          uniq_robin
D:5:      layout_loops_corners, uniq_sigmund
D:6:      layout_rooms, minmay_temple_entry_junction
D:7:      layout_basic, minmay_mini_ossuary, uniq_crazy_yiuf_cottage
D:8:      layout_basic, serial_shops, nicolae_shop_stone,
          gup_ossuary_entry_pyramid
D:9:      layout_big_octagon, minmay_misc_feat_square, minivault_26, uniq_harold
D:10:     layout_basic, chequers_serial_rivers_micro_b,
          kennysheep_generic_room_12
D:11:     layout_cave_pools, lair_entry_dummy, basic_altar,
          nicolae_tso_swordbearing_angel
D:12:     layout_loops_cross, erik_orc_1, grunt_decor_mini_mirrors,
          minmay_misc_feat_tiny
D:13:     layout_roguey, serial_shops, nicolae_shop_stone, shop, shop, shop,
          shop, uniq_sonja, uniq_maurice, uniq_frances, uniq_josephine
D:14:     layout_loops_cross, david_vaults_1, nicolae_trove_entry_crystal,
          hangedman_abyss_or_decor_stabs
D:15:     gammafunk_depths_entry_grave, layout_loops_ring, minmay_misc_feat_room
Lair:1:   layout_cave_pods, minmay_lair_oklob_chamber, serial_bayou_shore_a,
          uniq_nergalle
Lair:2:   layout_roguey
Lair:3:   layout_big_grid, minmay_snake_entry_six_corridors, basic_altar,
          gauntlet_entry_generic, nicolae_volcano_entry_hallway,
          ebering_ghost_inner_flame, lemuel_oklob_altar
Lair:4:   layout_cave_pods, skrybe_swamp_entry_bodies
Lair:5:   layout_hall_layers, lemuel_centaur_altar, uniq_kirke
Lair:6:   hangedman_lair_caniforms_friends, layout_gridlike,
          guppyfry_lair_end_dragon, slime_altar_2, infiniplex_staircase_pool
Swamp:1:  layout_falls_marsh, evilmike_swamp_ruin_rubble_1
Swamp:2:  cheibrodos_swamp_heart_of_darkness, layout_falls_marsh,
          nicolae_swamp_very_dense_foliage
Orc:1:    nicolae_orc_accident_1, layout_caves
Orc:2:    st_orc_rangers, layout_diamond_mine, basic_altar

Skill      XL: |  1  2  3  4  5  6  7  8  9 10 11 12 13 14 15 16 |
---------------+-------------------------------------------------+-----
Fighting       | 3 4 5 6 8 10 | 10.5
Shields        | 1 5 7 9 11 12 15 | 15.0
Unarmed Combat | 6 8 11 12 14 15 | 15.0
Dodging        | 4 10 | 10.0
Throwing       | 4 5 |  5.0

Action                   |  1- 3 |  4- 6 |  7- 9 | 10-12 | 13-15 | 16-18 || total
-------------------------+-------+-------+-------+-------+-------+-------++-------
Melee: Unarmed           |    69 |   103 |   402 |   490 |  1214 |    19 ||  2297
       Punch             |       |     3 |     2 |       |       |       ||     5
Throw: Javelin           |       |       |       |       |     6 |       ||     6
Invok: Berserk           |     1 |     2 |     2 |     3 |    13 |       ||    21
       Trog's Hand       |       |       |     1 |     3 |     2 |     2 ||     8
       Brothers in Arms  |       |       |       |     6 |     1 |     2 ||     9
Evoke: Wand              |       |       |       |     5 |     2 |       ||     7
       Lightning rod     |       |       |       |       |     1 |       ||     1
  Use: Scroll            |       |     3 |     6 |     4 |    11 |       ||    24
       Potion            |       |       |       |       |     1 |     4 ||     5
 Stab: Sleeping          |       |     2 |     2 |     4 |     3 |       ||    11
       Distracted        |       |       |     1 |     2 |     3 |       ||     6
       Petrified         |       |       |       |       |     3 |       ||     3
Armor: Animal skin       |    30 |    44 |    91 |    62 |       |       ||   227
       Robe              |       |       |       |    13 |    85 |       ||    98
Dodge: Dodged            |    54 |    46 |   113 |    83 |   176 |     6 ||   478
Block: Tower shield      |       |       |   224 |   566 |  1367 |    49 ||  2206
       Reflection        |       |       |       |     1 |   120 |     3 ||   124

Table legend: (Time is in decaauts)
 A = Elapsed time spent in this place.
 B = Non-inter-level travel time spent in this place.
 C = Inter-level travel time spent in this place.
 D = Time resting spent in this place.
 E = Time spent auto-exploring this place.
 F = Levels seen in this place.
 G = Mean time per level.
                   A        B        C        D        E       F      G
               +--------+--------+--------+--------+--------+-----+--------+
         Total |  21064 |  19805 |   1259 |    915 |  14810 |  27 |  780.1 |
       Dungeon |   9426 |   8809 |    617 |     92 |   6788 |  15 |  628.4 |
          Lair |   7010 |   6580 |    430 |    195 |   5307 |   6 | 1168.3 |
         Swamp |   1808 |   1765 |     43 |    399 |    993 |   2 |  904.0 |
  Orcish Mines |   2018 |   1851 |    167 |      7 |   1452 |   2 | 1009.0 |
       Ossuary |    252 |    252 |      0 |      0 |    100 |   1 |  252.0 |
      Gauntlet |    548 |    548 |      0 |    221 |    170 |   1 |  548.0 |
               +--------+--------+--------+--------+--------+-----+--------+

Top non-repeatable levels by time:
  Lair:6: 1663 daAuts
  Lair:1: 1536 daAuts
     D:7: 1293 daAuts
   Orc:2: 1131 daAuts
 Swamp:1: 1011 daAuts
  Lair:4: 1003 daAuts
  Lair:3: 1002 daAuts
     D:8: 946 daAuts
  Lair:5: 903 daAuts
  Lair:2: 900 daAuts
   Orc:1: 886 daAuts
 Swamp:2: 796 daAuts
    D:12: 767 daAuts
    D:15: 764 daAuts
    D:14: 762 daAuts
